 Dungeon Crawl Stone Soup version 0.19.0 (webtiles) character file.

711 Softman25 the Cudgeler (level 7, -2/52 HPs)
             Began as a Demonspawn Chaos Knight on Nov 11, 2016.
             Slain by a bullfrog (8 damage)
             ... in a sewer.
             The game lasted 00:10:42 (2692 turns).

Softman25 the Cudgeler (Demonspawn Chaos Knight)    Turns: 2692, Time: 00:10:43

Health: -2/52      AC: 13    Str: 18    XL:     7   Next: 40%
Magic:  16/16      EV:  9    Int: 14    God:    Xom [.*....]
Gold:   231        SH:  0    Dex: 16    Spells: 0 memorised, 6 levels left

rFire  . . .     SeeInvis .     o - +2 flail (protect)
rCold  + . .     Gourm    .     z - +0 leather armour of the Arcane {MP+9 Str+6 Dex+2} (curse)
rNeg   . . .     Faith    .     (no shield)
rPois  .         Spirit   .     (helmet restricted)
rElec  .         Reflect  .     d - +0 cloak
rCorr  .         Harm     .     e - +0 pair of gloves
MR     .....                    w - +0 pair of boots (curse)
Stlth  +.........               a - amulet of regeneration (curse)
                                (no ring)
                                (no ring)

@: lethally poisoned (-2 -> -2), protection aura, constricted
A: horns 2, cold resistance 1, powered by pain 1
a: Renounce Religion


You were in a sewer.
You worshipped Xom.
You were a plaything of Xom.
You were not hungry.

You visited 1 branch of the dungeon, and saw 6 of its levels.
You also visited: Sewer.

You collected 231 gold pieces.

Inventory:

Hand Weapons
 o - a +2 flail of protection (weapon)
Armour
 d - a +0 cloak (worn)
 e - a +0 pair of gloves (worn)
 w - a cursed +0 pair of boots (worn)
 z - the cursed +0 leather armour of the Arcane (worn) {MP+9 Str+6 Dex+2}
   (You found it on level 4 of the Dungeon)

   It affects your strength (+6).
   It affects your dexterity (+2).
   It affects your magic capacity (+9).
   It has a curse placed upon it.
Jewellery
 a - a cursed amulet of regeneration (around neck)
Wands
 x - a wand of random effects (6/48)
 B - a wand of confusion (35/48)
Scrolls
 i - 2 scrolls of recharging {unknown}
 j - a scroll of fog {unknown}
 k - a scroll of enchant armour {unknown}
 l - a scroll of immolation {unknown}
 p - 4 scrolls of identify {unknown}
 r - 3 scrolls of remove curse {unknown}
 A - 2 scrolls of teleportation {unknown}
 D - 2 scrolls of magic mapping {unknown}
 E - a scroll of noise {unknown}
Potions
 f - a potion of cure mutation {unknown}
 g - 3 potions of curing {@q1}
 h - a potion of beneficial mutation {unknown}
 m - a potion of brilliance {unknown}
 n - a potion of heal wounds
 q - a potion of flight {unknown}
 u - a potion of degeneration {unknown}
 v - a potion of mutation {unknown}
 F - a potion of magic {unknown}
Books
 y - a book of Cantrips

   Spells                             Type                      Level
   a - Confusing Touch                Hexes                        1
   b - Animate Skeleton               Necromancy                   1
   c - Summon Small Mammal            Summoning                    1
   d - Apportation                    Translocation                1
Comestibles
 b - a meat ration
 c - 2 bread rations
 s - 2 beef jerkies
 t - 5 fruits
 C - 9 chunks of flesh


   Skills:
 + Level 3.3 Fighting
 + Level 7.8 Maces & Flails
 - Level 1.7 Armour
 + Level 1.2 Dodging


You had 6 spell levels left.
You didn't know any spells.

Dungeon Overview and Level Annotations

Branches:
Dungeon (6/15)
 Temple: D:4-7

Altars:
Cheibriados
Okawaru
Qazlal
Ru
Uskayaw
Vehumet
Xom
Yredelemnul

Shops:
D:5 !


Innate Abilities, Weirdness & Mutations

You have a pair of horns on your head.
Your flesh is cold resistant. (rC+)
You sometimes gain a little power by taking damage.


Message History

You kill the bullfrog!
You feel sick. The ball python closely misses you.
The ball python constricts you. The bullfrog barely misses you.
The ball python barely misses you. The ball python constricts you.
You completely miss the bullfrog. Your headbutt misses the bullfrog.
The bullfrog hits you.
* * * LOW HITPOINT WARNING * * *
The ball python completely misses you. The ball python constricts you.
The bullfrog hits you.
* * * LOW HITPOINT WARNING * * *
You thump the bullfrog!
The bullfrog is heavily wounded.
You feel sick. The bullfrog completely misses you.
The ball python bites you but does no damage.
The ball python constricts you.
You sock the bullfrog! Your headbutt misses the bullfrog.
The bullfrog is almost dead.
You feel sick. The bullfrog hits you!
You die... "This toy is broken."

#≈≈≈≈≈≈#####
#≈≈≈≈≈
#≈≈≈≈≈≈#
#≈≈≈≈≈
#≈≈≈≈≈≈#
#≈≈≈≈≈
#≈≈≈≈≈≈#
#≈≈≈≈≈
#≈≈≈≈≈≈#
#≈≈≈≈≈
#≈#≈≈≈≈#
##÷÷≈≈
#≈≈#≈≈≈#
#≈%.(≈
#≈.F≈≈≈#
##≈≈≈≈
#≈@≈≈≈≈#
#≈≈≈≈≈
#S†#≈≈≈#
#≈≈≈≈≈
#≈≈≈≈≈≈#
#≈≈≈≈≈
#≈≈≈≈≈≈#
#≈≈≈≈≈
#≈≈≈†≈≈#
#≈≈≈≈≈
#≈≈≈≈≈≈#
#≈≈≈≈≈
#≈≈≈≈≈≈#
#≈≈≈≈≈
#.≈≈≈≈.#
##≈≈≈≈
#......#
#.....


You could see a bullfrog and a ball python.

Vanquished Creatures
  A phantom (D:4)
  Blork the orc (D:6)
  A bullfrog (Sewer)
  A killer bee (D:1)
  A hound (D:5)
  A jelly (D:5)
  An orc priest (D:2)
  2 orc wizards
  2 worker ants
  5 river rats (Sewer)
  8 adders
  A shadow imp (D:5)
  3 oozes
  2 worms
  2 dart slugs
  4 leopard geckos
  12 orcs
  6 giant cockroaches
  4 goblins (D:1)
  6 hobgoblins
  2 jackals (D:1)
  8 kobolds
  5 quokkas
  9 ball pythons (Sewer)
  7 bats
  8 frilled lizards
  A quokka skeleton (D:4)
  31 rats
135 creatures vanquished.

Vanquished Creatures (collateral kills)
  A jackal (D:1)
1 creature vanquished.

Vanquished Creatures (others)
  An orc (D:3)
1 creature vanquished.

Grand Total: 137 creatures vanquished

Notes
Turn   | Place    | Note
-------+----------+-------------------------------------------
     0 | D:1      | Softman25 the Demonspawn Chaos Knight began the quest for the Orb.
     0 | D:1      | Reached XP level 1. HP: 18/18 MP: 1/1
    83 | D:1      | Reached skill level 3 in Maces & Flails
   107 | D:1      | XOM: enchant monster (bad)
   166 | D:1      | Gained mutation: You have a pair of small horns on your head. [demonic ancestry]
   166 | D:1      | Reached XP level 2. HP: 19/24 MP: 2/2
   364 | D:1      | XOM: cloud trail
   405 | D:1      | Noticed a killer bee
   405 | D:1      | a frilled lizard changed into a killer bee
   405 | D:1      | XOM: polymorph frilled lizard -> killer bee
   410 | D:1      | XOM: confuse monster(s)
   414 | D:1      | Killed a killer bee
   414 | D:1      | Reached skill level 4 in Maces & Flails
   414 | D:1      | Reached XP level 3. HP: 10/29 MP: 3/3
   426 | D:1      | Gained mutation: Your flesh is cold resistant. (rC+) [demonic ancestry]
   426 | D:1      | Reached XP level 4. HP: 17/35 MP: 4/4
   493 | D:1      | XOM: silly message
   903 | D:2      | Found a faded altar of an unknown god.
   903 | D:2      | Found a faded altar of an unknown god.
   911 | D:2      | Found a hide-covered altar of Uskayaw.
   913 | D:2      | Found a faded altar of an unknown god.
   915 | D:2      | Found a faded altar of an unknown god.
  1006 | D:2      | Found an iron altar of Okawaru.
  1088 | D:3      | XOM: butterfly on damage
  1102 | D:3      | XOM: butterfly on damage
  1105 | D:3      | XOM: potion effect (invisibility)
  1200 | D:3      | Reached skill level 5 in Maces & Flails
  1217 | D:3      | Noticed a crocodile
  1217 | D:3      | XOM: polymorph something unseen -> crocodile
  1218 | D:3      | XOM: smoke on damage
  1219 | D:3      | HP: 1/35 [crocodile (8)]
  1324 | D:3      | XOM: divination: detect creatures
  1329 | D:2      | Reached XP level 5. HP: 38/41 MP: 5/5
  1381 | D:3      | XOM: medium Fire miscast
  1435 | D:3      | Found a radiant altar of Vehumet.
  1530 | D:3      | Reached skill level 6 in Maces & Flails
  1589 | D:3      | Found a snail-covered altar of Cheibriados.
  1654 | D:3      | Found a sacrificial altar of Ru.
  1741 | D:3      | You fall through a shaft for 3 floors!
  1741 | D:6      | Noticed Blork the orc
  1748 | D:6      | XOM: butterfly on damage
  1755 | D:6      | Killed Blork the orc
  1755 | D:6      | Gained mutation: You have a pair of horns on your head. [demonic ancestry]
  1755 | D:6      | Reached XP level 6. HP: 21/47 MP: 6/6
  1833 | D:5      | Entered Level 5 of the Dungeon
  1854 | D:5      | Found a stormy altar of Qazlal.
  1879 | D:5      | Found Lafa's Distillery.
  2072 | D:5      | XOM: cloud trail
  2138 | D:4      | XOM: scenery: create altars
  2148 | D:4      | Reached skill level 7 in Maces & Flails
  2157 | D:4      | Found a basalt altar of Yredelemnul.
  2161 | D:4      | Gained mutation: You sometimes gain a little power by taking damage. [demonic ancestry]
  2161 | D:4      | Reached XP level 7. HP: 52/52 MP: 7/7
  2218 | D:4      | Got an ichor-stained leather armour
  2230 | D:4      | Identified the cursed +0 leather armour of the Arcane {MP+9 Str+6 Dex+2} (You found it on level 4 of the Dungeon)
  2285 | D:4      | Found a glowing drain.
  2322 | Sewer    | Entered a sewer
  2426 | Sewer    | XOM: enchant monster (good)
  2518 | Sewer    | XOM: noise
  2524 | Sewer    | XOM: divination: detect items
  2539 | Sewer    | XOM: medium Hex miscast
  2686 | Sewer    | Reached skill level 1 in Dodging
  2692 | Sewer    | Slain by a bullfrog

Skill      XL: |  1  2  3  4  5  6  7 |
---------------+----------------------+-----
Maces & Flails | 3 4 5 6 7 |  7.8
Dodging        | 1 |  1.2
Fighting       | |  3.3
Armour         | |  1.7

Action                   |  1- 3 |  4- 6 |  7- 9 || total
-------------------------+-------+-------+-------++-------
Melee: Mace              |    69 |    18 |       ||    87
       Headbutt          |     3 |    27 |    12 ||    42
       Flail             |       |   179 |   124 ||   303
  Use: Potion            |     2 |     1 |     2 ||     5
       Scroll            |       |     1 |       ||     1
 Stab: Invisible         |       |     1 |       ||     1
       Sleeping          |       |     1 |       ||     1
  Eat: Chunk             |       |     1 |     2 ||     3
       Bread ration      |       |     1 |       ||     1
Armor: Leather armour    |    42 |   112 |   115 ||   269
Dodge: Dodged            |    78 |   130 |   122 ||   330
